 Dungeon Crawl Stone Soup version 0.28-a0-206-gc2c9e32840 (webtiles) character file.

Game seed: 73774898530525391

3311 Lochraine the Stinger (level 10, -3/73 HPs)
             Began as a Formicid Venom Mage on Aug 20, 2021.
             Was a Follower of Qazlal.
             Slain by a troll (4 damage)
             ... on level 9 of the Dungeon.
             The game lasted 00:23:45 (9966 turns).

Lochraine the Stinger (Formicid Venom Mage)         Turns: 9966, Time: 00:23:46

Health: -3/73      AC: 13    Str: 16    XL:     10   Next: 21%
Magic:  17/18      EV: 16    Int: 15    God:    Qazlal [*.....]
Gold:   365        SH:  1    Dex: 11    Spells: 9/19 levels left

rFire   . . .      SeeInvis +   D - +4 battleaxe (freeze)
rCold   . . .      Faith    .   (no shield)
rNeg    + . .      Spirit   .   C - +3 leather armour {rN+}
rPois   .          Reflect  .   (helmet unavailable)
rElec   .          Harm     .   (no cloak)
rCorr   .          Rampage  .   y - +2 pair of gloves
Will    +....                   c - +2 pair of boots
Stlth   ++........              (no amulet)
HPRegen 0.22/turn               k - +4 ring of slaying
MPRegen 0.16/turn               s - +4 ring of evasion

@: no status effects
A: permanent stasis, dig shafts and tunnels, antennae 3, four strong arms
a: Dig, Shaft Self, Renounce Religion


You were on level 9 of the Dungeon.
You worshipped Qazlal.
Qazlal was aware of your devotion.
You visited 1 branch of the dungeon, and saw 9 of its levels.

You collected 365 gold pieces.

Inventory:

Hand Weapons
 d - a +1 hand axe
   (You found it on level 1 of the Dungeon)
 z - a +0 flail of draining
   (You took it off Edmund on level 5 of the Dungeon)
 D - a +4 battleaxe of freezing (weapon)
   (You took it off a wight on level 6 of the Dungeon)
Armour
 c - a +2 pair of boots (worn)
   (You found it on level 6 of the Dungeon)
 y - a +2 pair of gloves (worn)
   (You found it on level 4 of the Dungeon)
 C - a +3 leather armour of positive energy (worn)
   (You took it off Eustachio on level 5 of the Dungeon)
Jewellery
 a - a ring of protection from cold
   (You found it on level 9 of the Dungeon)
 g - a ring of magical power
   (You found it on level 1 of the Dungeon)
 i - a ring of protection from cold
   (You found it on level 1 of the Dungeon)
 k - a +4 ring of slaying (left hand)
   (You found it on level 8 of the Dungeon)
 r - a ring of poison resistance
   (You found it on level 9 of the Dungeon)
 s - a +4 ring of evasion (right hand)
   (You found it on level 4 of the Dungeon)
 w - a ring of protection from fire
   (You found it on level 7 of the Dungeon)
Wands
 t - a wand of flame (5)
   (You found it on level 8 of the Dungeon)
Scrolls
 e - 5 scrolls of teleportation {@r4}
 f - 4 scrolls of amnesia {unknown}
 h - a scroll of noise {!r}
 j - 3 scrolls of enchant armour
 m - a scroll of magic mapping
 n - 2 scrolls of enchant weapon
 p - a scroll of silence {unknown}
 q - a scroll of vulnerability {unknown}
 u - 4 scrolls of identify {@r1}
 B - a scroll of fear {unknown}
Potions
 b - 4 potions of degeneration {!q}
 l - a potion of cancellation
 o - a potion of lignification {unknown}
 v - a potion of curing {@q1}
 x - a potion of might
 A - 2 potions of brilliance


   Skills:
 + Level 4.4 Fighting
 + Level 5.9 Axes
 + Level 4.4 Armour
 + Level 4.2 Dodging
 - Level 2.4 Stealth
 - Level 5.3 Spellcasting
 - Level 3.4 Conjurations
 - Level 4.0 Transmutations
 - Level 3.1 Air Magic
 + Level 7.8 Poison Magic


You had 9 spell levels left.
You knew the following spells:

 Your Spells              Type           Power      Damage    Failure   Level
a - Sting                 Tmut/Pois      84%        1d7       1%          1
b - Poisonous Vapours     Pois/Air       40%        N/A       3%          2
c - Olgreb's Toxic Radia  Pois           27%        N/A       8%          4
d - Mephitic Cloud        Conj/Pois/Air  18%        N/A       8%          3

Your spell library contained the following spells:

 Spells                   Type           Power      Damage    Failure   Level
 Static Discharge         Conj/Air       13%        N/A       8%          2
 Summon Small Mammal      Summ           16%        N/A       19%         1
 Dazzling Flash           Conj/Hex       18%        N/A       26%         3
 Call Canine Familiar     Summ           4%         N/A       50%         3
 Gell's Gravitas          Tloc           2%         N/A       50%         3
 Summon Guardian Golem    Hex/Summ       4%         N/A       50%         3
 Teleport Other           Tloc           4%         N/A       50%         3
 Lightning Bolt           Conj/Air       6%         1d18      80%         5
 Eringya's Noxious Bog    Tmut/Pois      10%        N/A       94%         6
 Silence                  Hex/Air        4%         N/A       95%         5
 Agony                    Necr           4%         N/A       99%         5
 Summon Forest            Summ/Tloc      2%         N/A       99%         5
 Dispersal                Tloc           2%         N/A       100%        6
 Summon Hydra             Summ           2%         N/A       100%        7
 Maxwell's Capacitive Co  Air            6%         ∞         100%        8


Dungeon Overview and Level Annotations

Branches:
Dungeon (9/15)             Temple (0/1) D:6            Lair (0/6) D:8
    Orc: D:9-12

Altars:
Cheibriados
Dithmenos
Kikubaaqudgha
Makhleb
Nemelex Xobeh
Qazlal
Vehumet
Yredelemnul
The Shining One

Shops:
D:3 *   D:5 :

Annotations:
D:5 2 transporters, PeterLawrence's ghost, amateur MiFi


Innate Abilities, Weirdness & Mutations

You cannot be hasted, slowed, berserked, paralysed or teleported.
You can dig through walls and to a lower floor.
You have a pair of large antennae on your head. (SInv)
Your four strong arms can wield two-handed weapons with a shield.


Message History

Something smites you!
You hear an angry buzzing noise.
Aim: a meliai, wielding a +0 hand axe and wearing a +0 leather armour (moderately wounded, poisoned) Poisonous vapours surround the meliai!
The meliai looks even sicker.
Qazlal accepts your kill.
You feel a bit more experienced.
There is an open door here.
Aim: a troll Poisonous vapours surround the troll!
The troll is poisoned.
Aim: a troll (lightly wounded, poisoned)
You miscast Poisonous Vapours.
You are very lightly contaminated with residual magic.
Nothing appears to happen.
Aim: a troll (lightly wounded, poisoned, 76% to hit)
You miscast Sting.
Nothing appears to happen.
Aim: a troll (poisoned, 76% to hit)
The sting hits the troll.
The troll looks even sicker.
You slash the troll! You freeze the troll.
The troll bites you but does no damage. The troll completely misses you.
You block the troll's attack.
You barely miss the troll. The troll bites you! The troll closely misses you.
The troll claws you. The troll completely misses you. The troll claws you!
The troll claws you but does no damage.
You barely miss the troll. The troll bites you!
* * * LOW HITPOINT WARNING * * *
The troll claws you.
* * * LOW HITPOINT WARNING * * *
The troll barely misses you.
Aim: a troll (severely wounded, poisoned, 76% to hit)
The sting hits the troll.
The troll looks even sicker.
The troll completely misses you. The troll closely misses you.
The troll barely misses you.
Your magical contamination has completely faded away.
You see here a +2 hat.
Aim: a troll (severely wounded, poisoned, 76% to hit)
The sting hits the troll.
The troll looks even sicker.
The troll bites you!
* * * LOW HITPOINT WARNING * * *
The troll claws you.
* * * LOW HITPOINT WARNING * * *
The troll closely misses you.
You see here a +0 whip.
Okay, then.
Okay, then.
The troll looks more healthy.
There is an open door here.
The troll bites you but does no damage. The troll claws you!
* * * LOW HITPOINT WARNING * * *
The troll claws you.
You die...

#...>.######..#######...##...##..
'.....##..##..##.............##..
##....#..........................
##....+....<..##...##.!.##...##..
......#.......##...##...##...##..
......#...##..##...#....#........
......#...##..##...#....#........
##....##...'..##...##...##...#..#
##....######..##@..##.÷.#########
##....##.)##.§.T.........# #.
......[..).......(.......# #.
........)).........##...## #.
##....##).##..##...##...## #.
####+##..######...##....# #.
#....#..##...##....# ##
#....#..#....##...## #
#....#..#....##...#


You could see a troll.

Vanquished Creatures
  A hornet (D:9)
  A meliai (D:9)
  A wyvern (D:9)
  Eustachio (D:5)
  Edmund (D:5)
  2 water moccasins (D:7)
  A sky beast (D:6)
  2 ogres (D:6)
  2 centaurs (D:7)
  2 phantoms (D:5)
  Blork the orc (D:4)
  A kobold brigand (D:8)
  2 bullfrogs (D:6)
  A scorpion (D:5)
  8 killer bees
  8 wights
  3 howler monkeys
  A crimson imp (D:6)
  3 bullfrog zombies
  A centaur skeleton (D:5)
  An orc priest (D:6)
  A gnoll shaman (D:9)
  An iguana (D:4)
  4 orc wizards
  7 gnolls
  10 adders
  4 ufetubi
  5 dart slugs
  13 orcs
  6 ball pythons
  2 endoplasms (D:1)
  4 giant cockroaches
  8 goblins
  11 hobgoblins
  2 jackals (D:2)
  13 kobolds
  6 quokkas
  5 bats
  7 frilled lizards
  A goblin zombie (D:6)
  3 kobold skeletons (D:6)
  A kobold zombie (D:6)
  An orc skeleton (D:6)
  An orc zombie (D:6)
  3 rats
163 creatures vanquished.

Vanquished Creatures (others)
  A quokka (D:8)
  6 plants (D:5)
7 creatures vanquished.

Grand Total: 170 creatures vanquished

Notes
Turn   | Place    | Note
-------+----------+-------------------------------------------
     0 | D:1      | Lochraine the Formicid Venom Mage began the quest for the
                  | Orb.
     0 | D:1      | Reached XP level 1. HP: 13/13 MP: 3/3
    60 | D:1      | Reached XP level 2. HP: 19/19 MP: 1/5
   445 | D:1      | Reached XP level 3. HP: 24/24 MP: 3/6
   797 | D:1      | Found a faded altar of an unknown god.
   871 | D:1      | Learned a level 2 spell: Poisonous Vapours
  1548 | D:2      | Reached XP level 4. HP: 30/30 MP: 8/8
  1579 | D:2      | Reached skill level 1 in Axes
  2061 | D:2      | Learned a level 3 spell: Mephitic Cloud
  2515 | D:3      | Found Acki Ronk's General Store.
  2664 | D:3      | Reached XP level 5. HP: 31/35 MP: 9/9
  2666 | D:3      | Reached skill level 5 in Poison Magic
  3666 | D:4      | You fall into a shaft and drop 2 floors!
  3712 | D:5      | Entered Level 5 of the Dungeon
  3712 | D:5      | Found Ceohiavy's Self-Improvement Boutique.
  3742 | D:5      | Reached skill level 1 in Conjurations
  3742 | D:5      | Reached XP level 6. HP: 23/41 MP: 11/11
  3924 | D:4      | Noticed Blork the orc
  4007 | D:4      | Reached skill level 1 in Air Magic
  4044 | D:4      | Killed Blork the orc
  4736 | D:5      | Reached XP level 7. HP: 46/46 MP: 12/12
  4775 | D:5      | Found a radiant altar of Vehumet.
  4917 | D:5      | Found a transporter.
  4955 | D:5      | Noticed Edmund
  4973 | D:5      | Killed Edmund
  5135 | D:5      | Identified the +8 spear "Xayriuc" {venom, rF+}
  5135 | D:5      | Identified the +3 ring mail "Coss" {Stlth+}
  5139 | D:5      | Noticed PeterLawrence's ghost (amateur MiFi)
  5151 | D:5      | Found a transporter.
  5185 | D:5      | Found an ancient bone altar of Kikubaaqudgha.
  5358 | D:5      | Noticed Eustachio
  5374 | D:5      | Killed Eustachio
  5375 | D:5      | Reached skill level 6 in Poison Magic
  5537 | D:5      | Reached XP level 8. HP: 36/52 MP: 14/14
  5899 | D:6      | Found a glowing golden altar of the Shining One.
  5987 | D:6      | Found a stormy altar of Qazlal.
  6024 | D:6      | Became a worshipper of Qazlal Stormbringer
  6051 | D:6      | Found a staircase to the Ecumenical Temple.
  6718 | D:6      | Reached skill level 7 in Poison Magic
  6866 | D:6      | Reached skill level 5 in Spellcasting
  6873 | D:6      | Reached XP level 9. HP: 17/57 MP: 16/16
  7190 | D:7      | Reached skill level 1 in Fighting
  7190 | D:7      | Reached skill level 1 in Armour
  8036 | D:7      | Found a basalt altar of Yredelemnul.
  8041 | D:7      | Found a burning altar of Makhleb.
  8042 | D:7      | Found a shadowy altar of Dithmenos.
  8044 | D:7      | Found a sparkling altar of Nemelex Xobeh.
  8046 | D:7      | Found a snail-covered altar of Cheibriados.
  8402 | D:8      | Found a staircase to the Lair.
  8457 | D:8      | Reached skill level 5 in Axes
  9036 | D:7      | HP: 1/64 [killer bee (4)]
  9056 | D:7      | HP: 2/64 [killer bee (6)]
  9365 | D:9      | Noticed a hornet
  9368 | D:9      | Learned a level 4 spell: Olgreb's Toxic Radiance
  9376 | D:9      | Killed a hornet
  9377 | D:9      | Reached XP level 10. HP: 32/71 MP: 12/18
  9636 | D:9      | Reached * piety under Qazlal
  9931 | D:9      | HP: 3/73 [troll (5)]
  9966 | D:9      | HP: 1/73 [troll (9)]
  9966 | D:9      | Slain by a troll

Illustrated notes

Levels and vault maps discovered:
D:1:      lemuel_arrival_room, layout_rooms,
          chequers_ecumenical_altar_simple_redux
D:2:      wander_river, layout_loops_corners
D:3:      layout_loops_ring, serial_shops, nicolae_square_shop, dk_vineyard_2
D:4:      layout_basic, uniq_blork_the_orc
D:5:      layout_rooms, kiku_gazebo_pond_becter, nicolae_vehumet_radiance,
          gammafunk_ghost_gnarly_gnolls, nicolae_shop_self_help, uniq_edmund,
          uniq_eustachio
D:6:      layout_basic, nicolae_qazlal_scattered_showers,
          nicolae_tso_besieged_by_evil, minmay_temple_entry_tees,
          hangedman_decor_clover_reticule
D:7:      layout_rooms, minitemple
D:8:      layout_basic, grunt_temple_overflow_gold_and_silver, elyvilon_altar_4,
          lair_entry_dummy, minmay_ruined_shrine
D:9:      layout_gridville

Skill      XL: |  1  2  3  4  5  6  7  8  9 10 |
---------------+-------------------------------+-----
Transmutations | 2 3 4 |  4.0
Axes           | 1 2 3 4 5 |  5.9
Spellcasting   | 3 4 5 |  5.3
Poison Magic   | 5 6 7 |  7.8
Conjurations   | 1 2 3 |  3.4
Air Magic      | 1 2 3 |  3.1
Dodging        | 3 4 |  4.2
Fighting       | 3 4 |  4.4
Armour         | 3 4 |  4.4
Stealth        | |  2.4

Action                   |  1- 3 |  4- 6 |  7- 9 | 10-12 || total
-------------------------+-------+-------+-------+-------++-------
Melee: Unarmed           |    16 |       |       |       ||    16
       Hand axe          |    61 |    84 |     5 |       ||   150
       Flail             |       |       |   193 |       ||   193
       Battleaxe         |       |       |    93 |    23 ||   116
 Cast: Sting             |    26 |    65 |    65 |     3 ||   159
       Poisonous Vapours |       |    10 |     7 |     3 ||    20
       Mephitic Cloud    |       |       |     2 |     3 ||     5
 Abil: Dig               |       |       |     3 |       ||     3
Evoke: Wand              |       |       |     1 |       ||     1
  Use: Scroll            |       |     5 |     2 |       ||     7
       Potion            |       |       |    10 |       ||    10
 Stab: Sleeping          |     2 |     3 |     1 |       ||     6
       Confused          |       |       |     4 |     1 ||     5
Armor: Robe              |    13 |       |       |       ||    13
       Leather armour    |     8 |    31 |   155 |     8 ||   202
Dodge: Dodged            |    47 |   101 |   392 |    34 ||   574
Block: Other             |       |       |       |     1 ||     1

Table legend: (Time is in decaauts)
 A = Elapsed time spent in this place.
 B = Non-inter-level travel time spent in this place.
 C = Inter-level travel time spent in this place.
 D = Time resting spent in this place.
 E = Time spent auto-exploring this place.
 F = Levels seen in this place.
 G = Mean time per level.
                   A        B        C        D        E       F      G
               +--------+--------+--------+--------+--------+-----+--------+
         Total |  10135 |   9785 |    350 |   1769 |   6045 |   9 | 1126.1 |
       Dungeon |  10135 |   9785 |    350 |   1769 |   6045 |   9 | 1126.1 |
               +--------+--------+--------+--------+--------+-----+--------+

Top non-repeatable levels by time:
     D:6: 1912 daAuts
     D:1: 1258 daAuts
     D:4: 1252 daAuts
     D:5: 1209 daAuts
     D:2: 1205 daAuts
     D:7: 1017 daAuts
     D:8: 906 daAuts
     D:3: 905 daAuts
     D:9: 467 daAuts
